 Dungeon Crawl Stone Soup version 0.29.0-13-gc9e81de378 (webtiles) character file.

Game seed: 2907578384817443191

126 freelancePsychic the Shooter (level 5, 46/46 HPs)
             Began as a Meteoran Hunter on Sept 10, 2022.
             Quit the game in the Ecumenical Temple.
             The game lasted 00:04:31 (688 turns).

freelancePsychic the Shooter (Meteoran Hunter)       Turns: 688, Time: 00:04:31

Health: 46/46      AC:  5    Str: 12    XL:     5   Next: 59%
Magic:  6/6        EV: 13    Int: 11    God:
Gold:   63         SH:  0    Dex: 25    Spells: 4/4 levels left

rFire   . . .      SeeInvis .   a - +0 shortbow
rCold   . . .      Faith    .   (shield currently unavailable)
rNeg    . . .      Spirit   .   g - +2 leather armour of the Komodo Dragon {-Tele rElec Dex+6}
rPois   .          Reflect  .   (no helmet)
rElec   +          Harm     .   (no cloak)
rCorr   .          Rampage  .   (no gloves)
Will    .....      NoTele   +   (no boots)
Stlth   +.........              (no amulet)
HPRegen 0.15/turn               (no ring)
MPRegen 0.10/turn               (no ring)

@: glowing
A: sense surroundings 1, otherworldly, glowing, explore regen
a: no special abilities


You were in the Ecumenical Temple.
You visited 2 branches of the dungeon, and saw 6 of its levels.

You collected 63 gold pieces.

Inventory:

Hand Weapons
 a - a +0 shortbow (weapon)
Armour
 c - a +0 leather armour
 g - the +2 leather armour of the Komodo Dragon (worn) {-Tele rElec Dex+6}
   (You found it on level 3 of the Dungeon)

   Dex:       It affects your dexterity (+6).
   rElec:     It insulates you from electricity.
   -Tele:     It prevents most forms of teleportation.
Scrolls
 b - 2 scrolls of immolation
 e - a scroll of amnesia {unknown}
 h - a scroll of butterflies
 j - a scroll of identify {@r1}
Potions
 d - a potion of mutation
 f - a potion of attraction {unknown}
 i - a potion of heal wounds {@q2}


   Skills:
 + Level 3.6 Fighting
 * Level 6.1 Ranged Weapons
 - Level 2.4 Dodging
 - Level 0.6 Stealth


You had 4 spell levels left.
You didn't know any spells.
Your spell library contained the following spells:

 Spells                   Type           Power      Damage    Failure   Level
 Apportation              Tloc           0%         N/A       41%         1
 Necrotise                Necr           0%         1d4       41%         1
 Summon Small Mammal      Summ           0%         N/A       41%         1


Dungeon Overview and Level Annotations

Branches:
Dungeon (5/15) Zot: 2340   Temple (1/1) D:5 Zot: 553

Altars:
Ashenzari
Cheibriados
Elyvilon
Fedhas
Hepliaklqana
Kikubaaqudgha
Qazlal
Ru
Trog
Uskayaw
Vehumet
Yredelemnul
The Shining One


Innate Abilities, Weirdness & Mutations

You passively map a small area around you.
You are easily found by Zot.
You glow in the dark.
You regain HP and MP as you explore.


Message History

Found 18 gold pieces.
You now have 63 gold pieces (gained 18).
Found 16 gold pieces.
Found a scroll of identify.
j - a scroll of identify {@r1}
Found a chain mail.
Found a stone staircase leading down.
Found a stone staircase leading up.
A yak comes into view.
The yak bellows!
A yak comes into view.
The yak moves out of view.
A yak comes into view.
Found a robe.
The yak bellows! x2
A yak comes into view. x2
The yak bellows! x2
A yak comes into view.
Found a staircase to the Ecumenical Temple.
There is a stone staircase leading up here.
Found a stone staircase leading down.
An orc priest comes into view. It is wielding a +0 flail.
Found a runed war axe.
The orc priest shouts!
An orc comes into view. It is wielding a +0 club.
An orc comes into view. It is wielding a +0 flail.
There is a staircase to the Ecumenical Temple here.
Okay, then.
You climb downwards.
Welcome to the Ecumenical Temple!
There is a staircase back to the Dungeon here.
There is a staircase back to the Dungeon here.
Found a sacrificial altar of Ru.
Found a broken altar of Ashenzari.
Found four altars.
There is a broken altar of Ashenzari here.
Found three altars.
Found a basalt altar of Yredelemnul.
Found a bloodstained altar of Trog and a blossoming altar of Fedhas.
There is a white marble altar of Elyvilon here.
Are you sure you want to abandon this character and quit the game? (Confirm with "yes".)

,
.......................
* ,
...#..._..._...#.......
,
........................
..#...............#.....
........................
,
...._..._..._..._.......
........................
..#...............# ....
.......@........... ....
...._..._..._..._.. ,...
................... ...
, ..#...............# ,
.. ................... .
, ....#..._..._...#..,,
...................
......#...#...#...
................


There were no monsters in sight!

Vanquished Creatures
  An ogre (D:5)
  An adder (D:3)
  A shadow imp (D:5)
  A dart slug (D:4)
  An orc (D:3)
  3 bats
  4 endoplasms
  2 goblins
  3 hobgoblins
  4 ball pythons
  A frilled lizard (D:2)
  2 kobolds (D:4)
24 creatures vanquished.

Notes
Turn   | Place    | Note
-------+----------+-------------------------------------------
     0 | D:1      | freelancePsychic the Meteoran Hunter began the quest for
                  | the Orb.
     0 | D:1      | Reached XP level 1. HP: 17/17 MP: 2/2
    75 | D:1      | Reached XP level 2. HP: 23/25 MP: 3/3
   125 | D:2      | Found a radiant altar of Vehumet.
   263 | D:3      | Reached skill level 5 in Ranged Weapons
   263 | D:3      | Reached XP level 3. HP: 23/30 MP: 4/4
   269 | D:3      | Identified the +2 leather armour of the Komodo Dragon
                  | {-Tele rElec Dex+6}
   483 | D:5      | Entered Level 5 of the Dungeon
   510 | D:5      | Noticed an ogre
   519 | D:5      | Killed an ogre
   520 | D:5      | Reached skill level 6 in Ranged Weapons
   520 | D:5      | Reached XP level 4. HP: 15/39 MP: 5/5
   520 | D:5      | Reached XP level 5. HP: 17/45 MP: 6/6
   625 | D:5      | Noticed a yak
   625 | D:5      | Noticed a yak
   626 | D:5      | Noticed a yak
   626 | D:5      | Noticed a yak
   626 | D:5      | Noticed a yak
   627 | D:5      | Noticed a yak
   631 | D:5      | Found a staircase to the Ecumenical Temple.
   641 | Temple   | Entered the Ecumenical Temple
   688 | Temple   | Quit the game

Illustrated notes

Levels and vault maps discovered:
D:1:      heliophobic_arrival_ceremonial_halls, layout_basic,
          hellmonk_ecumenical_altar_defaced_shrine, minmay_bisected
D:2:      layout_loops_cross, basic_altar, st_stairs_6
D:3:      layout_rooms
D:4:      layout_loops_ring
D:5:      layout_cave_pools, mainiacjoe_overflow_small_starburst,
          minmay_temple_entry_trees, roderic_lattice_a
Temple:   nicolae_temple_godzebo

Skill      XL: |  1  2  3 |
---------------+----------+-----
Ranged Weapons | 5 6 |  6.1
Fighting       | 3 |  3.6
Dodging        | |  2.4
Stealth        | |  0.6

Action                   |  1- 3 |  4- 6 || total
-------------------------+-------+-------++-------
 Fire: Shortbow          |    66 |     1 ||    67
  Use: Scroll            |     2 |       ||     2
       Potion            |     1 |       ||     1
Armor: Leather armour    |     8 |       ||     8
Dodge: Dodged            |    20 |       ||    20
